 Dungeon Crawl Stone Soup version 0.28-a0-1510-gd0f6b136d3 (webtiles) character file.

Game seed: 10793317440644622824

3 comborobin the Sneak (level 1, -1/18 HPs)
             Began as a Barachi Delver on Jan 15, 2022.
             Was an Initiate of Ashenzari.
             Succumbed to an adder's poison
             ... on level 3 of the Dungeon.
             The game lasted 00:01:20 (533 turns).

comborobin the Sneak (Barachi Delver)                Turns: 533, Time: 00:01:21

Health: -1/18      AC:  3    Str: 13    XL:     1   Next: 50%
Magic:  1/1        EV: 12    Int: 10    God:    Ashenzari [......]
Gold:   57         SH:  0    Dex: 13    Spells: 0/0 levels left

rFire   . . .      SeeInvis .   e - +0 bardiche
rCold   . . .      Faith    .   (shield currently unavailable)
rNeg    . . .      Spirit   .   a - +0 leather armour
rPois   .          Reflect  .   (no helmet)
rElec   .          Harm     .   (no cloak)
rCorr   .          Rampage  .   (no gloves)
Will    .....                   (no boots)
Stlth   ++........              (no amulet)
HPRegen 0.06/turn               (no ring)
MPRegen 0.07/turn               (no ring)

@: lethally poisoned (-1 -> -7), slow
A: amphibious, slowness 1, strong legs 1, +LOS
a: Hop, Renounce Religion


You were on level 3 of the Dungeon.
You worshipped Ashenzari.
Ashenzari was noncommittal.
You visited 2 branches of the dungeon, and saw 5 of its levels.

You collected 57 gold pieces.

Inventory:

Hand Weapons
 e - a +0 bardiche (weapon)
Armour
 a - a +0 leather armour (worn)
Wands
 f - a wand of digging (3)
Scrolls
 b - a scroll of fog
 d - 2 scrolls of fear
Potions
 c - a potion of lignification {unknown}


   Skills:
 - Level 3.6 Fighting
 + Level 1.0 Polearms
 - Level 2.1 Dodging
 - Level 4.5 Stealth
 - Level 2.1 Unarmed Combat


You couldn't memorise any spells.
You didn't know any spells.
Your spell library contained the following spells:

 Spells                   Type           Power      Damage    Failure   Level
 Ozocubu's Armour         Ice            0%         N/A       82%         3
 Ozocubu's Refrigeration  Ice            0%         4d5       100%        7


Dungeon Overview and Level Annotations

Branches:
Dungeon (6/15)             Temple (1/1) D:4

Altars:
Ashenzari
Cheibriados
Fedhas
Gozag
Hepliaklqana
Kikubaaqudgha
Makhleb
Qazlal
Vehumet
Wu Jian
Yredelemnul
The Shining One

Annotations:
D:5 exclusion: ice beast


Innate Abilities, Weirdness & Mutations

You are amphibious.
You cover ground slowly.
You can hop short distances.
You have an extended range of vision and can be seen from far away.


Message History

No target in view!
There is a stone staircase leading up here.
You slash the endoplasm!
You kill the endoplasm!
No target in view!
No target in view!
c - a glowing green potion
There is a stone staircase leading up here.
You climb upwards.
The ball python hisses angrily.
Found 5 gold pieces and a scroll labelled KYASEU VERHIQU.
Found a stone staircase leading up.
There is a stone staircase leading down here.
Okay, then.
You reach to attack!
You slash the ball python!
You kill the ball python!
Your Polearms skill increases to level 1!
Found 12 bolts.
The adder hisses angrily.
The adder bites you but does no damage.
You miss the adder. The adder completely misses you.
The adder bites you but does no damage.
You closely miss the adder. The adder misses you. The adder bites you. x2
You barely miss the adder. The adder misses you. x2
You closely miss the adder. The adder bites you.
The adder bites you but does no damage. The adder misses you.
You barely miss the adder. The adder misses you. The adder bites you.
You are poisoned.
The adder poisons you!
You barely miss the adder.
You feel sick. The adder closely misses you. The adder bites you. x2
* * * LOW HITPOINT WARNING * * *
You are lethally poisoned!
The adder poisons you!
You closely miss the adder.
* * * LOW HITPOINT WARNING * * *
You feel very sick. The adder misses you. The adder barely misses you.
You closely miss the adder.
You die...

#..(..##
#......#
#...<..#
###......## #
#......... #
#.#...#.#..#.#
###.......#...
..?.......#S##.#
#$..^...@....#
#.#...>...####
#...#........
......##.#######
..#.### #.# #
..# ###


You could see an adder.

Vanquished Creatures
  An endoplasm (D:4)
  A hobgoblin (D:4)
  A ball python (D:3)
3 creatures vanquished.

Notes
Turn   | Place    | Note
-------+----------+-------------------------------------------
     0 | D:5      | comborobin the Barachi Delver began the quest for the Orb.
     0 | D:5      | Reached XP level 1. HP: 18/18 MP: 1/1
     5 | D:5      | Noticed an ice beast
    11 | D:5      | Found a blossoming altar of Fedhas.
    19 | D:5      | Noticed a jelly
   238 | D:4      | Noticed a scorpion
   254 | D:4      | Found a staircase to the Ecumenical Temple.
   271 | Temple   | Entered the Ecumenical Temple
   337 | Temple   | Became a worshipper of Ashenzari the Shackled
   456 | D:4      | Noticed a scorpion
   524 | D:3      | Reached skill level 1 in Polearms
   533 | D:3      | Succumbed to an adder's poison

Illustrated notes

Levels and vault maps discovered:
D:3:      layout_loops_cross
D:4:      layout_cave_pools, minmay_temple_entry_offerings, uniq_sigmund
D:5:      layout_basic, kennysheep_little_box, enter_ossuary_2, serial_shops,
          nicolae_shop_crystal
D:6:      layout_gridville, trog_hazing_becter, uniq_edmund, uniq_duvessa
Temple:   jpeg_temple_clearing

Skill      XL: |  1 |
---------------+----+-----
Polearms       | 1 |  1.0
Fighting       | |  3.6
Dodging        | |  2.1
Stealth        | |  4.5
Unarmed Combat | |  2.1

Action                   || total
-------------------------++-------
Melee: Bardiche          ||    11
  Use: Scroll            ||     2
       Potion            ||     1
 Stab: Sleeping          ||     1
Armor: Leather armour    ||     3
Dodge: Dodged            ||    11

Table legend: (Time is in decaauts)
 A = Elapsed time spent in this place.
 B = Non-inter-level travel time spent in this place.
 C = Inter-level travel time spent in this place.
 D = Time resting spent in this place.
 E = Time spent auto-exploring this place.
 F = Levels seen in this place.
 G = Mean time per level.
                   A        B        C        D        E       F      G
               +--------+--------+--------+--------+--------+-----+--------+
         Total |    566 |    511 |     55 |    258 |     85 |   5 |  113.2 |
       Dungeon |    381 |    368 |     13 |    174 |     41 |   4 |   95.2 |
        Temple |    185 |    143 |     42 |     84 |     43 |   1 |  185.0 |
               +--------+--------+--------+--------+--------+-----+--------+

Top non-repeatable levels by time:
     D:3: 194 daAuts
  Temple: 185 daAuts
     D:4: 147 daAuts
     D:5: 37 daAuts
     D:6: 1 daAuts
